 Dungeon Crawl Stone Soup version 0.16.1-51-g6203257 (webtiles) character file.

263 fneyf the Vexing (level 5, -3/24 HPs)
             Began as a Spriggan Enchanter on July 16, 2015.
             Was an Initiate of Dithmenos.
             Slain by an iguana (6 damage)
             ... on level 4 of the Dungeon.
             The game lasted 00:20:10 (5853 turns).

fneyf the Vexing (Spriggan Enchanter)               Turns: 5853, Time: 00:20:10

Health: -3/24      AC:  4    Str:  5    XL:     5   Next: 97%
Magic:  20/20      EV: 18    Int: 17    God:    Dithmenos [......]
Gold:   74         SH:  0    Dex: 16    Spells: 4 memorised, 6 levels left

rFire  . . .     SeeInvis +     a - +2 dagger
rCold  . . .     Clarity  .     b - +1 robe
rNeg   . . .     SustAb   .     (shield restricted)
rPois  .         Gourm    .     (helmet restricted)
rElec  .         Spirit   .     f - +0 cloak
rCorr  .         Warding  .     (gloves unavailable)
rMut   .         Stasis   .     (boots unavailable)
MR     .....                    (no amulet)
Stlth  +++.......               (no ring)
                                (no ring)

@: very quick, not resistant to hostile enchantments, fairly stealthy
A: unfitting armour, see invisible, herbivore 3, speed 3, slow metabolism 2
a: Renounce Religion


You were on level 4 of the Dungeon.
You worshipped Dithmenos.
Dithmenos was noncommittal.
You were not hungry.

You visited 1 branch of the dungeon, and saw 4 of its levels.

You collected 74 gold pieces.

Inventory:

Hand weapons
 a - a +2 dagger (weapon)
Missiles
 j - 14 poisoned needles
Armour
 b - a +1 robe (worn)
 f - a +0 cloak (worn)
Jewellery
 n - an uncursed ring of poison resistance {unknown}
 q - an uncursed amulet of resist mutation {unknown}
Scrolls
 g - 4 scrolls of remove curse
Potions
 e - 4 potions of heal wounds {unknown}
 h - a potion of might {unknown}
 k - a potion of ambrosia {unknown}
 l - a potion of curing {unknown}
 m - 2 potions of berserk rage {unknown}
 o - a potion of restore abilities {unknown}
 p - a potion of resistance {unknown}
Books
 c - a book of Maledictions

   Spells                             Type                      Level
   a - Corona                         Hexes                        1
   b - Sure Blade                     Hexes/Charms                 2
   c - Ensorcelled Hibernation        Hexes/Ice                    2
   d - Confuse                        Hexes                        3
   e - Dazzling Spray                 Conjuration/Hexes            3
   f - Enslavement                    Hexes                        4
Comestibles
 d - a bread ration
 i - a royal jelly


   Skills:
 - Level 1.1 Short Blades
 - Level 3.0 Dodging
 - Level 4.4 Stealth
 + Level 5.8 Spellcasting
 + Level 6.1 Hexes


You had 6 spell levels left.
You knew the following spells:

 Your Spells              Type           Power        Failure   Level  Hunger
a - Corona                Hex            ####...      1%          1    None
b - Ensorcelled Hibernat  Hex/Ice        ###...       6%          2    #......
c - Confuse               Hex            ####....     3%          3    ##.....
d - Dazzling Spray        Conj/Hex       ###.....     12%         3    ##.....


Dungeon Overview and Level Annotations

Branches:
Dungeon (4/15)
 Temple: D:4-7

Altars:
Dithmenos
Okawaru
Sif Muna


Innate Abilities, Weirdness & Mutations

You are tiny and cannot use many weapons and most armour.
You have supernaturally acute eyesight.
You are a herbivore.
You cover ground extremely quickly.
You need consume almost no food.


Message History

The iguana is heavily wounded.
The iguana closely misses you.
You barely miss the iguana.
The iguana is heavily wounded.
The iguana completely misses you.
You barely miss the iguana.
The iguana is heavily wounded.
The iguana barely misses you.
You hit the iguana.
The iguana is heavily wounded.
The iguana bites you.
You completely miss the iguana.
The iguana is heavily wounded.
The iguana bites you!
Ouch! That really hurt!
* * * LOW HITPOINT WARNING * * *
You hit the iguana.
The iguana is severely wounded.
The iguana bites you.
You die...

## .# ..## ..# ..# #.# #
#l###############
#?#@##............#
.#####.#.##.##########.##
.........##.# ##...#
[###...#.##.# ##.....
#.?##.##.# #...... #..
#.##.#######...... #.
#....†.....#...... #
.##..#..##..........
......#<.##...###....


You could see an iguana.

Vanquished Creatures
  Sigmund (D:3)
  An orc wizard (D:3)
  5 adders
  2 worms (D:3)
  An adder skeleton (D:4)
  3 oozes
  5 orcs
  8 goblins
  10 hobgoblins
  15 jackals
  6 kobolds
  3 quokkas
  11 bats
  6 giant cockroaches
  2 giant geckos
  3 giant newts
  6 rats
88 creatures vanquished.

Notes
Turn   | Place    | Note
--------------------------------------------------------------
     0 | D:1      | fneyf, the Spriggan Enchanter, began the quest for the Orb.
     0 | D:1      | Reached XP level 1. HP: 9/9 MP: 4/4
   576 | D:1      | Reached XP level 2. HP: 13/13 MP: 8/8
   586 | D:1      | Learned a level 2 spell: Ensorcelled Hibernation
  2006 | D:2      | Reached XP level 3. HP: 14/16 MP: 11/11
  2361 | D:2      | Learned a level 3 spell: Confuse
  2365 | D:2      | Learned a level 3 spell: Dazzling Spray
  2543 | D:2      | Reached XP level 4. HP: 18/21 MP: 15/15
  2579 | D:2      | Reached skill level 5 in Hexes
  4379 | D:3      | Found an iron altar of Okawaru.
  4385 | D:3      | Noticed Sigmund
  4403 | D:3      | Killed Sigmund
  4403 | D:3      | Reached skill level 5 in Spellcasting
  4403 | D:3      | Reached XP level 5. HP: 13/24 MP: 12/19
  5071 | D:3      | Reached skill level 6 in Hexes
  5077 | D:3      | Found a deep blue altar of Sif Muna.
  5333 | D:4      | Found a shadowy altar of Dithmenos.
  5367 | D:4      | Became a worshipper of Dithmenos the Shadowed
  5853 | D:4      | Slain by an iguana

Action                   |  1- 3 |  4- 6 || total
-------------------------+-------+-------++-------
Melee: Dagger            |   165 |   276 ||   441
 Cast: Ensorcelled Hiber |     4 |     2 ||     6
       Dazzling Spray    |       |    10 ||    10
       Confuse           |       |     2 ||     2
  Use: Scroll            |     3 |     3 ||     6
 Stab: Sleeping          |     4 |     7 ||    11
       Confused          |       |     1 ||     1
       Distracted        |       |     1 ||     1
  Eat: Bread ration      |       |     1 ||     1
